 Dungeon Crawl Stone Soup version 0.20-a0-633-gff4aa5c (webtiles) character file.

2788 polly the Basher (level 9, 0/55 HPs)
             Began as a Gargoyle Fighter on Feb 12, 2017.
             Slain by a hornet (6 damage)
             ... on level 7 of the Dungeon.
             The game lasted 00:10:21 (5891 turns).

polly the Basher (Gargoyle Fighter)                 Turns: 5891, Time: 00:10:22

Health: 0/55       AC: 16    Str: 22    XL:     9   Next: 71%
Magic:  9/9        EV: 12    Int: 10    God:
Gold:   296        SH: 11    Dex: 11    Spells: 8/8 levels left

rFire    . . .     SeeInvis +   a - +0 flail
rCold    . . .     Gourm    .   b - +0 scale mail
rNeg     + . .     Faith    .   c - +0 shield
rPois    ∞         Spirit   .   (no helmet)
rElec    +         Reflect  .   q - +0 cloak
rCorr    .         Harm     .   (no gloves)
MR       .....                  w - +0 pair of boots
Stlth    ..........             (no amulet)
Regen    0.2/turn               z - +2 ring of evasion
                                D - ring of see invisible

@: no status effects
A: agile 1, negative energy resistance 1, electricity resistance, unbreathing,
petrification resistance, rot immunity, MP-powered wands, AC +5
a: no special abilities


You were on level 7 of the Dungeon.
You were very hungry.

You visited 1 branch of the dungeon, and saw 7 of its levels.
You also visited: Sewer.

You collected 296 gold pieces.

Inventory:

Hand Weapons
 a - a +0 flail (weapon)
Armour
 b - a +0 scale mail (worn)
 c - a +0 shield (worn)
 q - a +0 cloak (worn)
 w - a +0 pair of boots (worn)
Jewellery
 r - an uncursed ring of positive energy
 z - a +2 ring of evasion (right hand)
 D - a ring of see invisible (left hand)
Wands
 E - a wand of iceblast (6/15)
Scrolls
 e - 2 scrolls of enchant armour {unknown}
 g - 8 scrolls of teleportation {unknown}
 h - 4 scrolls of identify {unknown}
 i - a scroll of magic mapping {unknown}
 j - 3 scrolls of remove curse {unknown}
 k - a scroll of amnesia {unknown}
 n - a scroll of immolation {unknown}
 p - a scroll of enchant weapon {unknown}
 v - 3 scrolls of recharging {unknown}
 x - a scroll of fog {unknown}
 y - a scroll of silence {unknown}
 B - a scroll of torment {unknown}
 C - a scroll of random uselessness {unknown}
Potions
 d - a potion of might
 l - 3 potions of heal wounds {unknown}
 o - 2 potions of magic {unknown}
 s - a potion of mutation {unknown}
 t - a potion of brilliance {unknown}
 u - 3 potions of curing
 A - a potion of flight {unknown}
 F - a potion of haste {unknown}
Comestibles
 f - 5 bread rations
 m - 2 fruits
 G - a royal jelly


   Skills:
 + Level 6.0 Fighting
 + Level 8.2 Maces & Flails
 + Level 6.9 Armour
 + Level 3.1 Dodging
 + Level 7.5 Shields


You had 8 spell levels left.
You didn't know any spells.

Dungeon Overview and Level Annotations

Branches:
Dungeon (7/15)
 Temple: D:4-7

Altars:
Cheibriados
Elyvilon
Gozag
Nemelex Xobeh
Sif Muna
Trog
Xom
The Shining One


Innate Abilities, Weirdness & Mutations

You are resistant to torment.
Your stone body is resilient. (AC +5)
You are immune to poison.
You resist negative energy. (rN+)
You are resistant to electric shocks. (rElec)
You can survive without breathing.
You are immune to petrification.
You are immune to rotting.
You are agile. (Dex +2)
You expend magic power (3 MP) to strengthen your wands.


Message History

The hornet stings you.
You miss the hornet.
The hornet stings you but does no damage.
You closely miss the hornet. The hornet stings you.
You block the hornet's attack.
You closely miss the hornet. The hornet barely misses you.
You hit the hornet.
The hornet is lightly wounded.
You block the hornet's attack. The hornet stings you.
* * * LOW HITPOINT WARNING * * *
You hit the hornet.
The hornet is moderately wounded.
The hornet stings you!
* * * LOW HITPOINT WARNING * * *
You hit the hornet but do no damage.
The hornet is moderately wounded.
The hornet stings you.
* * * LOW HITPOINT WARNING * * *
The hornet stings you.
You die...

#.#
#.#
#...#
#.#
#.#
###(#
#.#
#..
#.#
###.
#.###
.#
#.).#
#
###.#
#.#
#@#
#y#
#.#
#.#
#.#
...
..#
..#


You could see a hornet.

Vanquished Creatures
  Grinder (D:3)
  Sigmund (D:3)
  The ghost of TwoGrow the Ruffian, an amateur TrMo (D:3)
  An orc warrior (D:7)
  A sky beast (D:5)
  A phantom (D:4)
  4 ogres
  2 centaurs
  Blork the orc (D:6)
  A bullfrog (D:6)
  5 big kobolds (Sewer)
  2 scorpions (D:4)
  3 wights (D:6)
  A howler monkey (D:3)
  A bullfrog zombie (D:6)
  A hound (D:6)
  3 orc priests
  A jelly (D:5)
  3 orc wizards
  A centaur skeleton (D:5)
  An iguana (D:6)
  4 worker ants
  A hound zombie (D:6)
  A hound skeleton (D:4)
  6 adders
  3 gnolls (D:5)
  2 river rats (Sewer)
  5 shadow imps
  6 oozes
  2 adder zombies (D:5)
  An adder skeleton (D:4)
  5 worms
  5 leopard geckos
  20 orcs
  4 bats
  9 giant cockroaches
  3 goblins
  4 hobgoblins
  8 jackals
  4 quokkas
  7 ball pythons
  4 frilled lizards
  A jackal skeleton (D:4)
  A jackal zombie (D:6)
  8 kobolds
  A quokka skeleton (D:4)
  8 rats
159 creatures vanquished.

Vanquished Creatures (others)
  An orc wizard (D:4)
1 creature vanquished.

Grand Total: 160 creatures vanquished

Notes
Turn   | Place    | Note
-------+----------+-------------------------------------------
     0 | D:1      | polly the Gargoyle Fighter began the quest for the Orb.
     0 | D:1      | Reached XP level 1. HP: 14/14 MP: 1/1
   237 | D:1      | Reached XP level 2. HP: 18/19 MP: 2/2
   667 | D:2      | Reached XP level 3. HP: 19/24 MP: 3/3
  1527 | D:3      | Found a shimmering altar of Xom.
  1531 | D:3      | Noticed Sigmund
  1538 | D:3      | Killed Sigmund
  1538 | D:3      | Reached skill level 3 in Maces & Flails
  1538 | D:3      | Reached XP level 4. HP: 22/29 MP: 4/4
  1538 | D:3      | Reached XP level 5. HP: 25/33 MP: 5/5
  1575 | D:3      | Reached XP level 6. HP: 34/38 MP: 6/6
  1602 | D:3      | Noticed Grinder
  1640 | D:3      | Paralysed by Grinder for 4 turns
  1656 | D:3      | Killed Grinder
  1656 | D:3      | Reached skill level 4 in Maces & Flails
  1656 | D:3      | Reached skill level 5 in Armour
  1656 | D:3      | Reached skill level 1 in Dodging
  1656 | D:3      | Reached XP level 7. HP: 18/43 MP: 7/7
  1747 | D:3      | Found a faded altar of an unknown god.
  1748 | D:3      | Noticed TwoGrow's ghost (amateur TrMo)
  1804 | D:4      | Found a deep blue altar of Sif Muna.
  1924 | D:4      | HP: 1/44 [orc wizard/puff of flame (9)]
  1933 | D:5      | Entered Level 5 of the Dungeon
  1950 | D:5      | Reached skill level 5 in Shields
  2232 | D:4      | Found a bloodstained altar of Trog.
  2263 | D:4      | Reached skill level 5 in Maces & Flails
  2265 | D:4      | Found a glowing drain.
  2302 | Sewer    | Entered a sewer
  2951 | Sewer    | Reached XP level 8. HP: 45/48 MP: 8/8
  3151 | D:3      | Killed TwoGrow's ghost
  3151 | D:3      | Reached skill level 6 in Maces & Flails
  3671 | D:4      | Reached skill level 5 in Fighting
  4108 | D:4      | Found a snail-covered altar of Cheibriados.
  4108 | D:4      | Found a white marble altar of Elyvilon.
  4278 | D:4      | Reached skill level 7 in Maces & Flails
  4467 | D:5      | Reached XP level 9. HP: 54/54 MP: 9/9
  4618 | D:5      | Gained mutation: You are agile. (Dex +2) [mutagenic meat]
  4619 | D:5      | Gained mutation: You possess an exceptional clarity of mind. [mutagenic meat]
  4621 | D:5      | Gained mutation: You expend magic power (3 MP) to strengthen your wands. [mutagenic meat]
  4622 | D:5      | Lost mutation: You possess an exceptional clarity of mind. [mutagenic meat]
  4623 | D:5      | Gained mutation: You are partially covered in icy blue scales. (AC +2) [mutagenic meat]
  4624 | D:5      | Lost mutation: You are partially covered in icy blue scales. (AC +2) [mutagenic meat]
  4977 | D:5      | Found a sparkling altar of Nemelex Xobeh.
  4977 | D:5      | Found an opulent altar of Gozag.
  5379 | D:6      | Noticed Blork the orc
  5396 | D:6      | Killed Blork the orc
  5580 | D:6      | Reached skill level 8 in Maces & Flails
  5818 | D:7      | Found a glowing golden altar of the Shining One.
  5865 | D:7      | Noticed a hornet
  5891 | D:7      | Slain by a hornet

Vault maps used:
D:1:      minmay_arrival_shattered_statue
D:2:      minmay_misc_feat_four_crosses, small_statue_intersection
D:3:      nicolae_overflow_crystal_walls, chequers_ecumenical_altar_simple,
          first_bread, uniq_sigmund, uniq_grinder
D:4:      lemuel_blue_sif_altar, gammafunk_temple_overflow_wave,
          gup_sewer_entry_pipe, hangedman_glass_teeth, bloody_trog
D:5:      grunt_temple_overflow_opulence, serial_undead, serial_undead_d,
          serial_undead_b, serial_undead_f, serial_undead_f
D:6:      uniq_blork_the_orc
D:7:      grunt_temple_overflow_lords_of_destruction, tso_metal_star,
          minmay_temple_entry_nine_rooms, serial_shops, kennysheep_little_box,
          shop, nicolae_shop_window_shopping
Sewer:    sewer_co_tree

Skill      XL: |  1  2  3  4  5  6  7  8  9 |
---------------+----------------------------+-----
Fighting       | 4 5 6 |  6.0
Maces & Flails | 3 4 5 7 8 |  8.2
Armour         | 4 5 6 |  6.9
Shields        | 4 5 6 7 |  7.5
Dodging        | 1 2 3 |  3.1

Action                   |  1- 3 |  4- 6 |  7- 9 || total
-------------------------+-------+-------+-------++-------
Melee: Flail             |    97 |    54 |   694 ||   845
  Use: Potion            |       |       |     5 ||     5
  Eat: Chunk             |     2 |       |    21 ||    23
Armor: Scale mail        |    69 |    21 |   383 ||   473
Dodge: Dodged            |    42 |    11 |   274 ||   327
Block: Shield            |    64 |    19 |   453 ||   536
